 Dungeon Crawl Stone Soup version 0.26.1-11-gd32895ea62 (webtiles) character file.

Game seed: 339895212362453993

199 bigdumb the Cudgeller (level 5, -2/53 HPs)
             Began as a Troll Berserker on July 8, 2021.
             Was a Believer of Trog.
             Slain by a mummy (5 damage)
             ... on level 4 of the Dungeon.
             The game lasted 00:03:32 (2613 turns).

bigdumb the Cudgeller (Troll Berserker)             Turns: 2613, Time: 00:03:32

Health: -2/53      AC:  6    Str: 28    XL:     5   Next: 48%
Magic:  4/4        EV: 11    Int:  3    God:    Trog [**....]
Gold:   114        SH:  0    Dex: 11    Spells: 4/4 levels left

rFire    + . .     SeeInvis .   a - +0 mace
rCold    + . .     Faith    .   (no shield)
rNeg     . . .     Spirit   .   b - +0 animal skin
rPois    +         Reflect  .   (helmet restricted)
rElec    +         Harm     .   (no cloak)
rCorr    +         Rampage  .   (gloves unavailable)
Will     .....                  (boots unavailable)
Stlth    +.........             (no amulet)
HPRegen  0.57/turn              (no ring)
MPRegen  0.09/turn              (no ring)

@: resistant
A: large, unfitting armour, claws 3, horns 1, agile 1, regeneration 1, shaggy
fur 1, strong 1, tough skin 3
a: Renounce Religion, Berserk, Trog's Hand


You were on level 4 of the Dungeon.
You worshipped Trog.
Trog was pleased with you.
You visited 1 branch of the dungeon, and saw 4 of its levels.
You also visited: Ossuary.

You collected 114 gold pieces.

Inventory:

Hand Weapons
 a - a +0 mace (weapon)
Armour
 b - a +0 animal skin (worn)
Jewellery
 c - an uncursed ring of fire {unknown}
 g - an uncursed ring of wizardry {unknown}
Scrolls
 d - 2 scrolls of identify {unknown}
 e - 3 scrolls of remove curse {unknown}
 f - 2 scrolls of enchant armour {unknown}
 h - 2 scrolls of enchant weapon {unknown}
 i - 3 scrolls of magic mapping {unknown}
 k - a scroll of random uselessness {unknown}
 m - a scroll of amnesia {unknown}


   Skills:
 + Level 3.2 Fighting
 + Level 4.5 Maces & Flails
 + Level 3.2 Dodging
 - Level 0.1 Stealth


You had 4 spell levels left.
You didn't know any spells.
Your spell library was empty.

Dungeon Overview and Level Annotations

Branches:
Dungeon (4/15)            Ossuary (visited)
 Temple: D:4-7

Altars:


Innate Abilities, Weirdness & Mutations

You are too large for most types of armour.
You have claws for hands.
Your natural rate of healing is unusually fast.
You are covered in fur. (AC +1)
You have extremely tough skin. (AC +3)
You have a pair of small horns on your head.
You are agile. (Dex +2)
Your muscles are strong. (Str +2)


Message History

It was a potion of mutation.
You feel extremely strange.
You feel agile. A pair of horns grows on your head!
You feel stronger.
It was a potion of resistance.
You feel protected. The mummy hits you.
There is a gate leading back out of this place here.
You thump the mummy!
The mummy is severely damaged.
The mummy barely misses you.
You sock the mummy!
You destroy the mummy!
Trog accepts your kill. The big kobold zombie misses you. The mummy hits you!
* * * LOW HITPOINT WARNING * * *
The big kobold zombie hits you.
* * * LOW HITPOINT WARNING * * *
Welcome back to the Dungeon!
There is a collapsed entrance here.
You closely miss the mummy. Your headbutt misses the mummy. The mummy hits you.
You die...

.! .. #.
######### #
###.##.........
#.#....#...[....#
#....#.#........#
#..<..........
###..#........#
##@##.........#
##M..##......>.#
#.....##..####..
..#####'#####.#
..............#
.......########
#######


You could see a mummy.

Vanquished Creatures
  A hound (D:4)
  An orc priest (D:3)
  2 mummies
  4 adders (D:2)
  3 worms (D:2)
  A dart slug (D:1)
  A leopard gecko (D:2)
  7 orcs (D:3)
  2 ball pythons
  4 giant cockroaches
  7 goblins
  4 hobgoblins
  2 quokkas
  5 bats
  3 frilled lizards
  7 kobolds
  An orc zombie (Ossuary)
  4 rats
59 creatures vanquished.

Notes
Turn   | Place    | Note
-------+----------+-------------------------------------------
     0 | D:1      | bigdumb the Troll Berserker began the quest for the Orb.
     0 | D:1      | Reached XP level 1. HP: 22/22 MP: 0/0
   355 | D:1      | Reached XP level 2. HP: 29/29 MP: 1/1
   404 | D:1      | Reached skill level 3 in Maces & Flails
   833 | D:2      | Reached XP level 3. HP: 16/36 MP: 2/2
  1384 | D:2      | Reached XP level 4. HP: 41/44 MP: 3/3
  1442 | D:2      | Reached ** piety under Trog
  2123 | D:3      | Reached skill level 4 in Maces & Flails
  2128 | D:3      | Reached XP level 5. HP: 47/53 MP: 4/4
  2545 | D:4      | Found a sand-covered staircase.
  2574 | Ossuary  | Entered an ossuary
  2606 | Ossuary  | Gained mutation: You are agile. (Dex +2) [potion of
                  | mutation]
  2606 | Ossuary  | Gained mutation: You have a pair of small horns on your
                  | head. [potion of mutation]
  2606 | Ossuary  | Gained mutation: Your muscles are strong. (Str +2) [potion
                  | of mutation]
  2611 | Ossuary  | HP: 2/53 [big kobold zombie (2)]
  2613 | D:4      | Slain by a mummy

Illustrated notes

Levels and vault maps discovered:
D:1:      dpeg_arrival_round_b, layout_basic
D:2:      layout_basic
D:3:      layout_basic
D:4:      layout_loops_ring, chequers_temple_overflow_statue_of_worship,
          lemuel_temple_firewalk_b, gup_ossuary_entry_pyramid,
          nemelex_diamond_rough_becter

Skill      XL: |  1  2  3  4 |
---------------+-------------+-----
Maces & Flails | 3 4 |  4.5
Dodging        | 3 |  3.2
Fighting       | 3 |  3.2
Stealth        | |  0.1

Action                   |  1- 3 |  4- 6 || total
-------------------------+-------+-------++-------
Melee: Mace              |   131 |   106 ||   237
  Use: Potion            |       |     4 ||     4
 Stab: Sleeping          |     1 |     1 ||     2
Armor: Animal skin       |    73 |    39 ||   112
Dodge: Dodged            |    84 |    73 ||   157
